[Event "Team 45 45 League T100"]
[Site "Internet Chess Club"]
[Date "2024.05.17"]
[Round "1"]
[White "olivermx"]
[Black "Visin"]
[Result "0-1"]
[WhiteElo "1459"]
[BlackElo "1326"]
[Opening "Queen's pawn game, Chigorin variation"]
[ECO "D02"]
[Time "11:23:14"]
[PlyCount "68"]
[TimeControl "2700+45"]

1. d4 d5 2. Nf3 Nc6 3. Bf4 Nf6 4. e3 a6 5. Nbd2 Nh5 6. Bg3 Nxg3 7. hxg3 Bf5 8.
c4 e6 9. cxd5 exd5 10. Be2 g5 11. Qb3 Na5 12. Qa4+ c6 13. Nxg5 h6 14. Ngf3 b5
15. Qd1 Bd6 16. Rc1 Nc4 17. b3 Nb2 18. Bxb5 Nxd1 19. Bxc6+ Bd7 20. Bxa8 Qxa8 21.
Kxd1 Ke7 22. Nb1 Bg4 23. Nd2 h5 24. Nf1 Rc8 25. Nh2 Rxc1+ 26. Kxc1 Qc8+ 27. Kb2
f5 28. Rc1 Qd8 29. Nh4 Qa5 30. Kb1 Ba3 31. f3 Bxc1 32. Kxc1 Qc3+ 33. Kb1 Kf6 34.
fxg4 fxg4 {White resigns} 0-1

[Event "Team 45 45 League T100"]
[Site "Internet Chess Club"]
[Date "2024.05.18"]
[Round "1"]
[White "Electryon"]
[Black "CMAlge"]
[Result "1-0"]
[WhiteElo "1511"]
[BlackElo "1407"]
[Opening "Caro-Kann: closed (Breyer) variation"]
[ECO "B10"]
[Time "11:01:01"]
[PlyCount "89"]
[TimeControl "2700+45"]

1. e4 c6 2. d3 d5 3. Nd2 e5 4. Ngf3 Bd6 5. b3 Nf6 6. Bb2 d4 7. Nc4 Bb4+ 8. Nfd2
O-O 9. Nxe5 Re8 10. Nf3 c5 11. Be2 Bg4 12. O-O Nc6 13. Ne1 Qd7 14. Bxg4 Nxg4 15.
h3 Nf6 16. Nc4 b5 17. Nd2 Ba5 18. a4 b4 19. Nc4 Bc7 20. Bc1 Ne5 21. Nxe5 Bxe5
22. Nf3 Bc7 23. Bg5 Nh5 24. Nh2 Bxh2+ 25. Kxh2 Qd6+ 26. Kg1 Nf4 27. Qf3 Ne6 28.
Bh4 Nf4 29. Bg3 g5 30. Qg4 h6 31. h4 f6 32. hxg5 fxg5 33. Rae1 Qe5 34. Bxf4 Qxf4
35. Qxf4 gxf4 36. f3 Kh7 37. Kf2 Rg8 38. Rh1 Rg5 39. Rh4 Rag8 40. Rg1 R8g7 41.
Rxf4 R7g6 42. Rf7+ Rg7 43. Rxg7+ Kxg7 44. Rh1 Kg6 45. Rh4 {Black resigns} 1-0

[Event "Team 45 45 League T100"]
[Site "Internet Chess Club"]
[Date "2024.05.19"]
[Round "1"]
[White "rkjulianjr"]
[Black "BrerRabbit"]
[Result "0-1"]
[WhiteElo "1275"]
[BlackElo "1311"]
[Opening "QGD: exchange, positional line, 6.Qc2"]
[ECO "D36"]
[Time "15:01:35"]
[PlyCount "96"]
[TimeControl "2700+45"]

1. d4 d5 2. c4 e6 3. Nc3 Nf6 4. cxd5 exd5 5. Bg5 c6 6. Qc2 h6 7. Bh4 Be7 8. Bxf6
Bxf6 9. e3 O-O 10. Bd3 Re8 11. O-O-O a5 12. a4 b6 13. Nge2 Ba6 14. e4 Bxd3 15.
Qxd3 Na6 16. f4 Nb4 17. Qf3 Qd7 18. Kb1 dxe4 19. Nxe4 Nd5 20. Nxf6+ Nxf6 21. Nc3
Re7 22. d5 cxd5 23. Nxd5 Nxd5 24. Rxd5 Qe8 25. Re5 Rxe5 26. fxe5 Ra7 27. Rf1
Qxa4 28. e6 Qe8 29. exf7+ Rxf7 30. Qxf7+ Qxf7 31. Rxf7 Kxf7 32. Kc2 Ke6 33. Kd2
Kd5 34. Kd3 Kc5 35. Kc3 b5 36. b3 Kd5 37. Kd3 g5 38. g4 Ke5 39. h3 a4 40. bxa4
bxa4 41. Kc3 Kf4 42. Kb4 Kg3 43. Kxa4 Kxh3 44. Kb3 Kxg4 45. Kc3 h5 46. Kd3 h4
47. Ke3 Kg3 48. Ke2 Kg2 {White resigns} 0-1

[Event "Team 45 45 League T100"]
[Site "Internet Chess Club"]
[Date "2024.05.16"]
[Round "1"]
[White "Ostap-Bender"]
[Black "Fulmar"]
[Result "1/2-1/2"]
[WhiteElo "1261"]
[BlackElo "1368"]
[Opening "Queen's pawn game"]
[ECO "D02"]
[Time "13:02:39"]
[PlyCount "75"]
[TimeControl "2700+45"]

1. d4 d5 2. Nf3 e6 3. e3 Bd6 4. c4 a6 5. Nc3 Nf6 6. Bd3 dxc4 7. Bxc4 b5 8. Bd3
Bb7 9. O-O Nbd7 10. Re1 c5 11. dxc5 Nxc5 12. Bc2 O-O 13. b4 Nce4 14. Nxe4 Bxe4
15. Bxe4 Nxe4 16. Qd4 Nf6 17. Bb2 Qe7 18. a3 Rfd8 19. Qh4 Nd5 20. Qxe7 Bxe7 21.
Rac1 Rac8 22. Red1 Nb6 23. Rxd8+ Rxd8 24. Nd4 Bf6 25. Kf1 Nc4 26. Rc2 Nxb2 27.
Rxb2 Bxd4 28. exd4 Rxd4 29. Rc2 Rd8 30. Rc6 Ra8 31. Ke2 Kf8 32. Ke3 Ke7 33. Ke4
Kf6 34. f4 a5 35. Rb6 axb4 36. axb4 Ra2 37. Kf3 Ke7 38. Rxb5 {Game drawn by
mutual agreement} 1/2-1/2

[Event "Team 45 45 League T100"]
[Site "Internet Chess Club"]
[Date "2024.05.18"]
[Round "1"]
[White "Reykjaviking"]
[Black "stantheman59"]
[Result "1/2-1/2"]
[WhiteElo "1201"]
[BlackElo "1191"]
[Opening "Queen's pawn, Mason variation"]
[ECO "D00"]
[Time "18:02:32"]
[PlyCount "61"]
[TimeControl "2700+45"]

1. d4 d5 2. Bf4 Nf6 3. e3 e6 4. Nd2 Nc6 5. Ngf3 Bd6 6. Be5 Bxe5 7. dxe5 Ng4 8.
Bb5 Bd7 9. O-O Ngxe5 10. e4 d4 11. Bxc6 Nxc6 12. Nc4 f6 13. Nxd4 e5 14. Nb3 Qe7
15. Ne3 O-O-O 16. Nd5 Qf7 17. c4 Be6 18. Qd2 Ne7 19. Qa5 Nc6 20. Qc3 b6 21. Nd2
Nd4 22. Rfe1 Rd7 23. f4 Nc6 24. f5 Bxd5 25. cxd5 Nd4 26. b4 g6 27. Nf3 Nb5 28.
Qd3 Nd6 29. Nh4 gxf5 30. exf5 Qh5 31. g3 {Game drawn by mutual agreement}
1/2-1/2